Canucks vs Rangers

Created - February 11, 2022 at 22:28

Goals
1 2 3 OT1 SO T
Canucks 2 2 1 0 2 5
Rangers 0 2 3 0 3 6
Shots
1 2 3 OT1 SO T
Canucks 8 9 8 0 4 25
Rangers 12 17 12 1 4 42

1st period

1. Canucks , Gustav Nyquist 4 (Shea Weber 8, Michael Kostka 13) at 12:55
2. Canucks , Sam Gagner 15 (Derek Roy 11) at 17:30

Penalties :
Maxim Talbot (Van) for Tripping (Minor) at 2:21

2nd period

3. Canucks , Robert Nilsson 12 (Michael Kostka 14) at 1:17
4. Rangers , Chris Bourque 6 (Patrice Bergeron 13, Luke Schenn 18) at 7:20 (PP)
5. Rangers , Sean Couturier 16 (Milan Lucic 23, Jonas Brodin 6) at 13:36
6. Canucks , Robert Nilsson 13 (Ilya Kovalchuk 9, Jamie Benn 10) at 17:54

Penalties :
Patrice Bergeron (NyR) for Roughing (Minor) at 1:58, Oskar Steen (Van) for Holding Stick (Minor) at 5:42, Milan Lucic (NyR) for Hooking (Minor) at 9:00, Maxim Talbot (Van) for Holding Stick (Minor) at 18:37

3rd period

7. Rangers , Patrice Bergeron 12 (Patrik Nemeth 7, Ryan Strome 9) at 0:34 (PP)
8. Rangers , Dmitry Kulikov 3 (Chris Bourque 18, Patrice Bergeron 14) at 8:42
9. Rangers , Steve Quailer 4 (Milan Lucic 24, Sean Couturier 27) at 8:58 (PP)
10. Canucks , Oskar Steen 1 (Brandon Gormley 4, Ilya Kovalchuk 10) at 17:02

Penalties :
Robert Nilsson (Van) for Roughing (Minor) at 3:48, Sam Gagner (Van) for Holding (Minor) at 8:45, Alex Goligoski (Van) for High sticking (Minor) at 10:35, Oskar Steen (Van) for Interference (Minor) at 14:18

Overtime #1

No Goal

Penalties :
No Penalty

Shootout

Canucks, Derek Roy - Stopped by Harru Sateri
Rangers, Milan Lucic - Stopped by Philipp Grubauer
Canucks, Robert Nilsson - Goal!
Rangers, Sean Couturier - Goal!
Canucks, Ben Smith - Goal!
Rangers, Patrice Bergeron - Goal!
Canucks, Sam Gagner - Shot Misses the Net
Rangers, Tomas Hertl - Goal!

Penalties :
No Penalty

Goalie Stats

Philipp Grubauer (Van), 37 saves from 42 shots - (0.881), OTL, 11-8-5, 65:00 minutes
Frederik Andersen (NyR), 13 saves from 17 shots - (0.765), 37:54 minutes
Harru Sateri (NyR), 7 saves from 8 shots - (0.875), W, 2-2-1, 27:06 minutes

Players Stats for Canucks

Player Name              G  A  P  +/- PIM S  H  SB GA TA FO     MP     PP MP  PK MP  
------------------------------------------------------------------------------------
Alex Goligoski           0  0  0   0  2   4  1  2  0  0  0/0    29:19   1:56   5:15 
Anton Zlobin             0  0  0   2  0   0  0  0  0  0  0/0     7:03   0:00   0:00 
Ben Smith                0  0  0  -1  0   1  1  2  1  0  0/3    20:13   2:04   3:03 
Brandon Gormley          0  1  1   2  0   0  0  1  0  0  0/0    11:36   0:00   0:01 
Derek Roy                0  1  1  -1  0   0  1  0  0  0  18/41  25:32   2:04   7:10 
Fabian Brunnstrom        0  0  0   0  0   1  1  0  0  0  2/2    14:10   0:00   1:34 
Gustav Nyquist           1  0  1   2  0   2  0  0  0  0  0/0     7:23   0:00   0:38 
Ilya Kovalchuk           0  2  2   2  0   0  1  0  2  0  0/0    14:34   1:54   0:00 
Jamie Benn               0  1  1   2  0   1  0  1  0  0  0/0    14:34   1:54   0:00 
Jason Akeson             0  0  0   0  0   2  1  1  0  0  1/1    12:09   0:00   0:00 
Jeff Schultz             0  0  0   0  0   0  1  1  0  0  0/0    30:32   1:56   6:31 
Maxim Talbot             0  0  0   0  4   3  0  0  0  0  3/6    12:14   0:00   1:09 
Michael Kostka           0  2  2   1  0   1  1  3  0  0  0/0    22:59   2:02   5:13 
Oskar Steen              1  0  1   2  4   1  1  0  0  0  2/3     7:39   0:00   0:45 
Robert Nilsson           2  0  2   2  2   6  2  1  0  1  3/9    22:39   1:54   6:06 
Sam Gagner               1  0  1  -1  2   2  3  0  2  0  0/0    20:12   2:04   3:03 
Shea Weber               0  1  1   1  0   1  4  1  1  0  0/0    22:59   2:02   5:13 
Yann Sauvé               0  0  0   2  0   0  0  0  0  1  0/0    12:22   0:00   1:15 

Players Stats for Rangers

Player Name              G  A  P  +/- PIM S  H  SB GA TA FO     MP     PP MP  PK MP  
------------------------------------------------------------------------------------
Artem Anisimov           0  0  0  -1  0   2  0  0  0  0  0/1     8:07   0:00   1:17 
Brett Ponich             0  0  0  -1  0   0  2  1  0  1  0/0    12:53   0:52   0:00 
Chris Bourque            1  1  2   0  0   4  0  0  0  0  0/0    18:47   5:19   1:23 
Devante Smith-Pelly      0  0  0  -2  0   2  1  0  0  0  0/1    12:16   0:01   0:00 
Dmitry Kulikov           1  0  1   1  0   4  1  2  0  0  0/0    31:30   7:07   2:22 
Jonas Brodin             0  1  1  -1  0   2  0  0  0  2  0/0    11:41   0:08   0:00 
Luke Schenn              0  1  1   1  0   5  3  2  0  2  0/0    31:04   6:39   2:22 
Magnus Paajarvi          0  0  0  -1  0   0  0  0  0  0  0/0     7:12   0:00   0:10 
Matt Delahey             0  0  0  -3  0   0  3  0  0  1  0/0    21:26   4:21   1:36 
Milan Lucic              0  2  2   0  2   7  1  0  0  0  3/6    24:29   6:24   0:59 
Patrice Bergeron         1  2  3   0  2   2  1  0  0  0  6/8    19:07   5:19   0:21 
Patrik Nemeth            0  1  1  -3  0   1  0  0  1  0  0/0    21:26   4:21   1:36 
Richard Panik            0  0  0  -2  0   0  1  0  0  0  0/0     9:12   0:01   1:21 
Ryan Strome              0  1  1   0  0   4  2  0  0  0  0/1    17:01   5:19   0:00 
Sean Couturier           1  1  2   0  0   2  1  0  1  0  21/37  25:04   6:24   1:56 
Steve Quailer            1  0  1   0  0   3  0  0  0  0  2/4    20:43   6:24   0:00 
T.J Galiardi             0  0  0  -2  0   3  2  0  0  0  1/1    11:49   0:01   0:00 
Tomas Hertl              0  0  0  -1  0   1  1  0  0  0  3/6    12:13   0:00   0:29 

3 Stars

1 - Robert Nilsson (Van)
2 - Patrice Bergeron (NyR)
3 - Sean Couturier (NyR)

Power Play

Canucks - 0 on 2 Attempt(s) - 0.00%
Rangers - 3 on 7 Attempt(s) - 42.86%

Penalty Kill

Canucks - 4 on 7 Attempt(s) - 57.14% - Score 0 goal in Penalty Kill
Rangers - 2 on 2 Attempt(s) - 100.00% - Score 0 goal in Penalty Kill

Team Stat

Canucks - Hits : 18 - Faceoff Wins : 29 - Blocked Shots : 13 - Penalty Minutes : 14
Rangers - Hits : 19 - Faceoff Wins : 36 - Blocked Shots : 5 - Penalty Minutes : 4

Official

Referees : Steve Kozari and Chris Schlenker
Linesman : Tony Sericolo and Scott Cherrey

Game Notes

Harru Sateri enters game at 17:54 of 2nd period

Finance

Level 1 -- Attendance: 6000 (100.00%) -- Ticket Income $600,000
Level 2 -- Attendance: 5000 (100.00%) -- Ticket Income $300,000
Level 3 -- Attendance: 1908 (95.40%) -- Ticket Income $66,780
Level 4 -- Attendance: 4000 (100.00%) -- Ticket Income $100,000
Luxury Box -- Attendance: 898 (89.80%) -- Ticket Income $179,600
Game was played at the Madison Square Garden.
Total Attendance: 17806 (98.92%)
Total Ticket Income: $1,246,380
Other Income: $186,957
Total Income: $1,433,337

Canucks

5 vs 5 Forward 
   Center                   Left Wing                Right Wing               Time % Phy DF OF 
 1 Derek Roy                Sam Gagner               Ben Smith                40     1   2  2  
 2 Robert Nilsson           Jamie Benn               Ilya Kovalchuk           30     1   2  2  
 3 Maxim Talbot             Fabian Brunnstrom        Jason Akeson             20     1   2  2  
 4 Oskar Steen              Gustav Nyquist           Anton Zlobin             10     1   2  2  

5 vs 5 Defense 
   Defense                  Defense                                           Time % Phy DF OF 
 1 Jeff Schultz             Alex Goligoski                                    40     1   2  2  
 2 Michael Kostka           Shea Weber                                        30     1   2  2  
 3 Brandon Gormley          Yann Sauvé                                        20     1   2  2  
 4 Jeff Schultz             Alex Goligoski                                    10     1   2  2  

PowerPlay Forward 
   Center                   Left Wing                Right Wing               Time % Phy DF OF 
 1 Derek Roy                Sam Gagner               Ben Smith                60     1   2  2  
 2 Robert Nilsson           Jamie Benn               Ilya Kovalchuk           40     1   2  2  

PowerPlay Defense
   Defense                  Defense                                           Time % Phy DF OF 
 1 Jeff Schultz             Alex Goligoski                                    60     1   2  2  
 2 Michael Kostka           Shea Weber                                        40     1   2  2  

Penalty Kill 4 Players Forward 
   Center                   Wing                     Time % Phy DF OF 
 1 Derek Roy                Robert Nilsson           60     1   2  2  
 2 Ben Smith                Sam Gagner               40     1   2  2  

Penalty Kill 4 Players Defense
   Defense                  Defense                  Time % Phy DF OF 
 1 Jeff Schultz             Alex Goligoski           60     1   2  2  
 2 Michael Kostka           Shea Weber               40     1   2  2  

Penalty Kill - 3 Players Forward 
   Forward                                           Time % Phy DF OF 
 1 Derek Roy                                         60     1   2  2  
 2 Robert Nilsson                                    40     1   2  2  

Penalty Kill - 3 Players Defense
   Defense                  Defense                  Time % Phy DF OF 
 1 Jeff Schultz             Alex Goligoski           60     1   2  2  
 2 Michael Kostka           Shea Weber               40     1   2  2  

4 vs 4 Forward 
   Center                   Wing                     Time % Phy DF OF 
 1 Derek Roy                Robert Nilsson           60     1   2  2  
 2 Ben Smith                Sam Gagner               40     1   2  2  

4 vs 4 Defense
   Defense                  Defense                  Time % Phy DF OF 
 1 Jeff Schultz             Alex Goligoski           60     1   2  2  
 2 Michael Kostka           Shea Weber               40     1   2  2  

Last Minutes Offensive
   Center                   Left Wing                Right Wing               Defense                  Defense                  
   Derek Roy                Sam Gagner               Ben Smith                Jeff Schultz             Alex Goligoski           

Last Minutes Defensive
   Center                   Left Wing                Right Wing               Defense                  Defense                  
   Derek Roy                Sam Gagner               Ben Smith                Jeff Schultz             Alex Goligoski           

Goaltenders
Starting : Philipp Grubauer         
Backup : Pekka Rinne              

Extra Forwards
Normal : Fabian Brunnstrom, Jason Akeson, Maxim Talbot - PP : Fabian Brunnstrom, Jason Akeson - PK : Maxim Talbot
Extra Defensemen
Normal : Brandon Gormley, Yann Sauvé, Michael Kostka - PP : Brandon Gormley - PK : Yann Sauvé, Michael Kostka
Penalty Shots
Derek Roy, Robert Nilsson, Ben Smith, Sam Gagner, Ilya Kovalchuk

Scratches
Ben Lovejoy (Healthy), Cody Eakin (Healthy), Simon Despres (Healthy)

Rangers

5 vs 5 Forward 
   Center                   Left Wing                Right Wing               Time % Phy DF OF 
 1 Sean Couturier           Milan Lucic              Steve Quailer            40     1   2  2  
 2 Patrice Bergeron         Chris Bourque            Ryan Strome              30     1   2  2  
 3 Tomas Hertl              T.J Galiardi             Devante Smith-Pelly      20     1   2  2  
 4 Artem Anisimov           Magnus Paajarvi          Richard Panik            10     1   2  2  

5 vs 5 Defense 
   Defense                  Defense                                           Time % Phy DF OF 
 1 Luke Schenn              Dmitry Kulikov                                    40     1   2  2  
 2 Patrik Nemeth            Matt Delahey                                      30     1   2  2  
 3 Brett Ponich             Jonas Brodin                                      20     1   2  2  
 4 Luke Schenn              Dmitry Kulikov                                    10     1   2  2  

PowerPlay Forward 
   Center                   Left Wing                Right Wing               Time % Phy DF OF 
 1 Sean Couturier           Milan Lucic              Steve Quailer            60     1   2  2  
 2 Patrice Bergeron         Chris Bourque            Ryan Strome              40     1   2  2  

PowerPlay Defense
   Defense                  Defense                                           Time % Phy DF OF 
 1 Luke Schenn              Dmitry Kulikov                                    60     1   2  2  
 2 Patrik Nemeth            Matt Delahey                                      40     1   2  2  

Penalty Kill 4 Players Forward 
   Center                   Wing                     Time % Phy DF OF 
 1 Milan Lucic              Sean Couturier           60     1   2  2  
 2 Patrice Bergeron         Tomas Hertl              40     1   2  2  

Penalty Kill 4 Players Defense
   Defense                  Defense                  Time % Phy DF OF 
 1 Luke Schenn              Dmitry Kulikov           60     1   2  2  
 2 Patrik Nemeth            Matt Delahey             40     1   2  2  

Penalty Kill - 3 Players Forward 
   Forward                                           Time % Phy DF OF 
 1 Milan Lucic                                       60     1   2  2  
 2 Sean Couturier                                    40     1   2  2  

Penalty Kill - 3 Players Defense
   Defense                  Defense                  Time % Phy DF OF 
 1 Luke Schenn              Dmitry Kulikov           60     1   2  2  
 2 Patrik Nemeth            Matt Delahey             40     1   2  2  

4 vs 4 Forward 
   Center                   Wing                     Time % Phy DF OF 
 1 Milan Lucic              Sean Couturier           60     1   2  2  
 2 Patrice Bergeron         Tomas Hertl              40     1   2  2  

4 vs 4 Defense
   Defense                  Defense                  Time % Phy DF OF 
 1 Luke Schenn              Dmitry Kulikov           60     1   2  2  
 2 Patrik Nemeth            Matt Delahey             40     1   2  2  

Last Minutes Offensive
   Center                   Left Wing                Right Wing               Defense                  Defense                  
   Sean Couturier           Milan Lucic              Steve Quailer            Luke Schenn              Dmitry Kulikov           

Last Minutes Defensive
   Center                   Left Wing                Right Wing               Defense                  Defense                  
   Sean Couturier           Milan Lucic              Steve Quailer            Luke Schenn              Dmitry Kulikov           

Goaltenders
Starting : Frederik Andersen        
Backup : Harru Sateri             

Extra Forwards
Normal : Devante Smith-Pelly, T.J Galiardi, Richard Panik - PP : Devante Smith-Pelly, T.J Galiardi - PK : Richard Panik
Extra Defensemen
Normal : Brett Ponich, Jonas Brodin, Patrik Nemeth - PP : Brett Ponich - PK : Jonas Brodin, Patrik Nemeth
Penalty Shots
Milan Lucic, Sean Couturier, Patrice Bergeron, Tomas Hertl, Steve Quailer

Scratches
Morgan Ellis (Healthy)

% Time on Ice - Canucks

Lines # - Real PCT - Wanted PCT - Time Play
Normal Forward
1 - 31% - 40% - 13:56
2 - 29% - 30% - 13:03
3 - 24% - 20% - 10:36
4 - 15% - 10% - 6:43
Normal Defense
1 - 40% - 40% - 17:49
2 - 31% - 30% - 13:50
3 - 25% - 20% - 11:07
4 - 3% - 10% - 1:32
PP Forward
1 - 52% - 60% - 2:04
2 - 48% - 40% - 1:54
PP Defense
1 - 49% - 60% - 1:56
2 - 51% - 40% - 2:02
PK Forward
1 - 74% - 60% - 8:41
2 - 26% - 40% - 3:03
PK Defense
1 - 56% - 60% - 6:31
2 - 44% - 40% - 5:13
PK3 Forward
1 - 0% - 60%
2 - 0% - 40%
PK3 Defense
1 - 0% - 60%
2 - 0% - 40%
44 Forward
1 - 75% - 60% - 3:45
2 - 25% - 40% - 1:15
44 Defense
1 - 59% - 60% - 2:56
2 - 41% - 40% - 2:04
Last Minute Offensive  - 0:00
Last Minute Defensive  - 0:00
Total
Forward - 65:00
Defense - 65:00

% Time on Ice - Rangers

Lines # - Real PCT - Wanted PCT - Time Play
Normal Forward
1 - 33% - 40% - 14:44
2 - 28% - 30% - 12:23
3 - 23% - 20% - 10:21
4 - 15% - 10% - 6:50
Normal Defense
1 - 40% - 40% - 17:50
2 - 30% - 30% - 13:23
3 - 26% - 20% - 11:33
4 - 3% - 10% - 1:32
PP Forward
1 - 55% - 60% - 6:25
2 - 45% - 40% - 5:19
PP Defense
1 - 63% - 60% - 7:23
2 - 37% - 40% - 4:21
PK Forward
1 - 88% - 60% - 3:29
2 - 12% - 40% - 0:29
PK Defense
1 - 60% - 60% - 2:22
2 - 40% - 40% - 1:36
PK3 Forward
1 - 0% - 60%
2 - 0% - 40%
PK3 Defense
1 - 0% - 60%
2 - 0% - 40%
44 Forward
1 - 75% - 60% - 3:44
2 - 25% - 40% - 1:16
44 Defense
1 - 58% - 60% - 2:54
2 - 42% - 40% - 2:06
Last Minute Offensive  - 0:00
Last Minute Defensive  - 0:00
Total
Forward - 65:00
Defense - 65:00

Play-by-Play

1st period


0:01 of 1st period - Derek Roy wins face-off versus Sean Couturier in neutral zone.
1:46 of 1st period - Wrist shot by Derek Roy.
1:46 of 1st period - Shot Misses the Net.
2:21 of 1st period - Minor Penalty to Maxim Talbot for Tripping.
2:22 of 1st period - Sean Couturier wins face-off versus Derek Roy in Canucks zone.
2:39 of 1st period - Wrist shot by Steve Quailer.
2:39 of 1st period - Shot Blocked by Robert Nilsson.
4:01 of 1st period - Milan Lucic is hit by Oskar Steen and loses puck.
4:21 of 1st period - Penalty to Maxim Talbot is over, Maxim Talbot is back on ice.
4:26 of 1st period - Slapshot by Tomas Hertl.
4:26 of 1st period - Stopped by Philipp Grubauer without a rebound.
4:27 of 1st period - Tomas Hertl wins face-off versus Robert Nilsson in Canucks zone.
4:28 of 1st period - Wrist shot by Devante Smith-Pelly.
4:28 of 1st period - Shot Blocked by Brandon Gormley.
4:30 of 1st period - Slapshot by Jonas Brodin.
4:30 of 1st period - Deflect By Yann Sauvé.
4:30 of 1st period - Stopped by Philipp Grubauer without a rebound.
4:31 of 1st period - Robert Nilsson wins face-off versus Tomas Hertl in Canucks zone.
4:42 of 1st period - Snap shot by T.J Galiardi.
4:42 of 1st period - Stopped by Philipp Grubauer without a rebound.
4:43 of 1st period - Derek Roy wins face-off versus Sean Couturier in Canucks zone.
5:18 of 1st period - Luke Schenn is hit by Ilya Kovalchuk and loses puck.
5:25 of 1st period - Snap shot by Ilya Kovalchuk.
5:25 of 1st period - Shot Misses the Net.
5:41 of 1st period - Snap shot by Devante Smith-Pelly.
5:41 of 1st period - Stopped by Philipp Grubauer with a rebound.
5:43 of 1st period - Slapshot by Luke Schenn.
5:43 of 1st period - Deflect By T.J Galiardi.
5:43 of 1st period - Stopped by Philipp Grubauer without a rebound.
5:44 of 1st period - Sean Couturier wins face-off versus Derek Roy in Canucks zone.
5:45 of 1st period - Snap shot by Steve Quailer.
5:45 of 1st period - Deflect By Sean Couturier.
5:45 of 1st period - Shot Misses the Net.
5:45 of 1st period - Puck is out of play.
5:46 of 1st period - Sean Couturier wins face-off versus Ben Smith in Canucks zone.
5:57 of 1st period - Wrist shot by Milan Lucic.
5:57 of 1st period - Stopped by Philipp Grubauer with a rebound.
6:19 of 1st period - Backhand shot by Jamie Benn.
6:19 of 1st period - Stopped by Frederik Andersen with a rebound.
6:57 of 1st period - Fabian Brunnstrom is hit by Matt Delahey and loses puck.
7:24 of 1st period - Sam Gagner is hit by Milan Lucic.
9:04 of 1st period - Fabian Brunnstrom is hit by Tomas Hertl and loses puck.
9:10 of 1st period - Off-side.
9:11 of 1st period - Derek Roy wins face-off versus Tomas Hertl in neutral zone.
9:16 of 1st period - Patrik Nemeth is hit by Sam Gagner and loses puck.
9:23 of 1st period - Slapshot by Devante Smith-Pelly.
9:23 of 1st period - Stopped by Philipp Grubauer without a rebound.
9:24 of 1st period - Steve Quailer wins face-off versus Derek Roy in Canucks zone.
9:25 of 1st period - Snap shot by Milan Lucic.
9:25 of 1st period - Stopped by Philipp Grubauer without a rebound.
9:26 of 1st period - Sean Couturier wins face-off versus Derek Roy in Canucks zone.
11:15 of 1st period - Backhand shot by Alex Goligoski.
11:15 of 1st period - Stopped by Frederik Andersen with a rebound.
11:17 of 1st period - Slapshot by Alex Goligoski.
11:17 of 1st period - Stopped by Frederik Andersen with a rebound.
11:19 of 1st period - Slapshot by Alex Goligoski.
11:19 of 1st period - Deflect By Robert Nilsson.
11:19 of 1st period - Stopped by Frederik Andersen without a rebound.
11:20 of 1st period - Patrice Bergeron wins face-off versus Derek Roy in Rangers zone.
12:46 of 1st period - Michael Kostka is hit by Matt Delahey and loses puck.
12:53 of 1st period - Slapshot by Shea Weber.
12:53 of 1st period - Stopped by Frederik Andersen with a rebound.
12:55 of 1st period - Snap shot by Gustav Nyquist.
12:55 of 1st period - Goal by Gustav Nyquist - Canucks : 1 - Rangers : 0.
12:56 of 1st period - Derek Roy wins face-off versus Sean Couturier in neutral zone.
12:59 of 1st period - Snap shot by Ben Smith.
12:59 of 1st period - Shot Blocked by Luke Schenn.
13:11 of 1st period - Snap shot by Milan Lucic.
13:11 of 1st period - Stopped by Philipp Grubauer without a rebound.
13:12 of 1st period - Patrice Bergeron wins face-off versus Robert Nilsson in Canucks zone.
13:19 of 1st period - Snap shot by Chris Bourque.
13:19 of 1st period - Shot Misses the Net.
13:21 of 1st period - Snap shot by Ryan Strome.
13:21 of 1st period - Shot Misses the Net.
13:23 of 1st period - Snap shot by Ryan Strome.
13:23 of 1st period - Shot Blocked by Jeff Schultz.
13:25 of 1st period - Wrist shot by Ryan Strome.
13:25 of 1st period - Stopped by Philipp Grubauer with a rebound.
13:27 of 1st period - Snap shot by Chris Bourque.
13:27 of 1st period - Shot Misses the Net.
14:00 of 1st period - Wrist shot by Devante Smith-Pelly.
14:00 of 1st period - Shot Blocked by Shea Weber.
14:02 of 1st period - Snap shot by T.J Galiardi.
14:02 of 1st period - Stopped by Philipp Grubauer without a rebound.
14:03 of 1st period - T.J Galiardi wins face-off versus Maxim Talbot in Canucks zone.
14:10 of 1st period - Snap shot by Tomas Hertl.
14:10 of 1st period - Shot Misses the Net.
14:47 of 1st period - Wrist shot by Maxim Talbot.
14:47 of 1st period - Stopped by Frederik Andersen without a rebound.
14:48 of 1st period - Sean Couturier wins face-off versus Ben Smith in Rangers zone.
15:01 of 1st period - Snap shot by Sean Couturier.
15:01 of 1st period - Shot Blocked by Ben Smith.
17:13 of 1st period - Derek Roy is hit by T.J Galiardi and loses puck.
17:30 of 1st period - Slapshot by Sam Gagner.
17:30 of 1st period - Goal by Sam Gagner - Canucks : 2 - Rangers : 0.
17:31 of 1st period - Sean Couturier wins face-off versus Robert Nilsson in neutral zone.
17:42 of 1st period - Snap shot by Sean Couturier.
17:42 of 1st period - Deflect By Milan Lucic.
17:42 of 1st period - Stopped by Philipp Grubauer with a rebound.
17:44 of 1st period - Slapshot by Sean Couturier.
17:44 of 1st period - Shot Misses the Net.
19:43 of 1st period - Milan Lucic is hit by Sam Gagner and loses puck.
19:48 of 1st period - Snap shot by Sam Gagner.
19:48 of 1st period - Shot Misses the Net.
19:51 of 1st period - Icing by Dmitry Kulikov.
19:52 of 1st period - Robert Nilsson wins face-off versus Sean Couturier in Rangers zone.
Goals for this period are 2 for Canucks vs 0 for Rangers.
Shots for this period are 8 for Canucks vs 12 for Rangers.

2nd period


0:01 of 2nd period - Derek Roy wins face-off versus Milan Lucic in neutral zone.
0:04 of 2nd period - Snap shot by Alex Goligoski.
0:04 of 2nd period - Deflect By Sam Gagner.
0:04 of 2nd period - Stopped by Frederik Andersen without a rebound.
0:05 of 2nd period - Sean Couturier wins face-off versus Derek Roy in Rangers zone.
0:40 of 2nd period - Backhand shot by Dmitry Kulikov.
0:40 of 2nd period - Shot Blocked by Jamie Benn.
0:42 of 2nd period - Wrist shot by Luke Schenn.
0:42 of 2nd period - Shot Misses the Net.
0:44 of 2nd period - Slapshot by Dmitry Kulikov.
0:44 of 2nd period - Stopped by Philipp Grubauer without a rebound.
0:45 of 2nd period - Derek Roy wins face-off versus Sean Couturier in Canucks zone.
1:10 of 2nd period - Matt Delahey is hit by Shea Weber and loses puck.
1:15 of 2nd period - Snap shot by Robert Nilsson.
1:15 of 2nd period - Stopped by Frederik Andersen with a rebound.
1:17 of 2nd period - Wrist shot by Robert Nilsson.
1:17 of 2nd period - Goal by Robert Nilsson - Canucks : 3 - Rangers : 0.
1:18 of 2nd period - Sean Couturier wins face-off versus Derek Roy in neutral zone.
1:58 of 2nd period - Minor Penalty to Patrice Bergeron for Roughing.
1:59 of 2nd period - Derek Roy wins face-off versus Milan Lucic in Rangers zone.
2:33 of 2nd period - Dmitry Kulikov is hit by Shea Weber and loses puck.
3:58 of 2nd period - Penalty to Patrice Bergeron is over, Patrice Bergeron is back on ice.
4:47 of 2nd period - Maxim Talbot is hit by Brett Ponich and loses puck.
4:52 of 2nd period - Wrist shot by Artem Anisimov.
4:52 of 2nd period - Stopped by Philipp Grubauer with a rebound.
5:42 of 2nd period - Minor Penalty to Oskar Steen for Holding Stick.
5:43 of 2nd period - Sean Couturier wins face-off versus Derek Roy in Canucks zone.
6:56 of 2nd period - Snap shot by Patrice Bergeron.
6:56 of 2nd period - Shot Misses the Net.
6:58 of 2nd period - Wrist shot by Patrice Bergeron.
6:58 of 2nd period - Shot Misses the Net.
7:00 of 2nd period - Slapshot by Dmitry Kulikov.
7:00 of 2nd period - Shot Misses the Net.
7:06 of 2nd period - Snap shot by Ryan Strome.
7:06 of 2nd period - Shot Misses the Net.
7:08 of 2nd period - Wrist shot by Ryan Strome.
7:08 of 2nd period - Stopped by Philipp Grubauer with a rebound.
7:10 of 2nd period - Slapshot by Dmitry Kulikov.
7:10 of 2nd period - Shot Blocked by Michael Kostka.
7:12 of 2nd period - Slapshot by Luke Schenn.
7:12 of 2nd period - Shot Misses the Net.
7:20 of 2nd period - Snap shot by Chris Bourque.
7:20 of 2nd period - Goal by Chris Bourque - Canucks : 3 - Rangers : 1.
7:21 of 2nd period - Jason Akeson wins face-off versus Sean Couturier in neutral zone.
8:08 of 2nd period - Snap shot by Fabian Brunnstrom.
8:08 of 2nd period - Stopped by Frederik Andersen with a rebound.
8:12 of 2nd period - Slapshot by Maxim Talbot.
8:12 of 2nd period - Shot Hit the Post.
8:14 of 2nd period - Snap shot by Jason Akeson.
8:14 of 2nd period - Stopped by Frederik Andersen with a rebound.
8:16 of 2nd period - Wrist shot by Alex Goligoski.
8:16 of 2nd period - Stopped by Frederik Andersen with a rebound.
8:18 of 2nd period - Wrist shot by Jason Akeson.
8:18 of 2nd period - Deflect By Magnus Paajarvi.
8:18 of 2nd period - Shot Misses the Net.
8:18 of 2nd period - Puck is out of play.
8:19 of 2nd period - Sean Couturier wins face-off versus Oskar Steen in Rangers zone.
8:34 of 2nd period - Wrist shot by Milan Lucic.
8:34 of 2nd period - Stopped by Philipp Grubauer without a rebound.
8:35 of 2nd period - Derek Roy wins face-off versus Ryan Strome in Canucks zone.
8:35 of 2nd period - Derek Roy is hit by Luke Schenn.
8:47 of 2nd period - Snap shot by Derek Roy.
8:47 of 2nd period - Shot Misses the Net.
8:49 of 2nd period - Backhand shot by Sam Gagner.
8:49 of 2nd period - Shot Blocked by Luke Schenn.
8:51 of 2nd period - Slapshot by Michael Kostka.
8:51 of 2nd period - Stopped by Frederik Andersen without a rebound.
8:52 of 2nd period - Robert Nilsson wins face-off versus Sean Couturier in Rangers zone.
9:00 of 2nd period - Minor Penalty to Milan Lucic for Hooking.
9:01 of 2nd period - Sean Couturier wins face-off versus Derek Roy in Rangers zone.
9:17 of 2nd period - Slapshot by Jeff Schultz.
9:17 of 2nd period - Shot Blocked by Dmitry Kulikov.
11:00 of 2nd period - Penalty to Milan Lucic is over, Milan Lucic is back on ice.
12:40 of 2nd period - Slapshot by Jason Akeson.
12:40 of 2nd period - Shot Misses the Net.
13:36 of 2nd period - Wrist shot by Sean Couturier.
13:36 of 2nd period - Goal by Sean Couturier - Canucks : 3 - Rangers : 2.
13:37 of 2nd period - Sean Couturier wins face-off versus Derek Roy in neutral zone.
13:50 of 2nd period - Wrist shot by Milan Lucic.
13:50 of 2nd period - Shot Blocked by Michael Kostka.
14:49 of 2nd period - Oskar Steen is hit by Ryan Strome and loses puck.
14:54 of 2nd period - Snap shot by Chris Bourque.
14:54 of 2nd period - Stopped by Philipp Grubauer with a rebound.
15:01 of 2nd period - Icing by Shea Weber.
15:02 of 2nd period - Sean Couturier wins face-off versus Derek Roy in Canucks zone.
15:09 of 2nd period - Slapshot by Steve Quailer.
15:09 of 2nd period - Stopped by Philipp Grubauer with a rebound.
15:11 of 2nd period - Slapshot by Jonas Brodin.
15:11 of 2nd period - Shot Misses the Net.
15:13 of 2nd period - Slapshot by Milan Lucic.
15:13 of 2nd period - Stopped by Philipp Grubauer with a rebound.
15:15 of 2nd period - Wrist shot by Sean Couturier.
15:15 of 2nd period - Stopped by Philipp Grubauer with a rebound.
16:16 of 2nd period - Snap shot by Artem Anisimov.
16:16 of 2nd period - Shot Misses the Net.
16:18 of 2nd period - Wrist shot by Artem Anisimov.
16:18 of 2nd period - Stopped by Philipp Grubauer without a rebound.
16:19 of 2nd period - Derek Roy wins face-off versus Sean Couturier in Canucks zone.
16:32 of 2nd period - Wrist shot by Sean Couturier.
16:32 of 2nd period - Shot Blocked by Ben Smith.
16:34 of 2nd period - Wrist shot by Steve Quailer.
16:34 of 2nd period - Shot Misses the Net.
16:36 of 2nd period - Snap shot by Luke Schenn.
16:36 of 2nd period - Stopped by Philipp Grubauer with a rebound.
16:50 of 2nd period - Snap shot by Robert Nilsson.
16:50 of 2nd period - Stopped by Frederik Andersen without a rebound.
16:51 of 2nd period - Patrice Bergeron wins face-off versus Robert Nilsson in Rangers zone.
17:15 of 2nd period - Patrik Nemeth is hit by Jeff Schultz and loses puck.
17:54 of 2nd period - Slapshot by Ilya Kovalchuk.
17:54 of 2nd period - Deflect By Robert Nilsson.
17:54 of 2nd period - Goal by Robert Nilsson - Canucks : 4 - Rangers : 2.
17:54 of 2nd period - Harru Sateri enters game.
17:55 of 2nd period - Derek Roy wins face-off versus Patrice Bergeron in neutral zone.
18:37 of 2nd period - Minor Penalty to Maxim Talbot for Holding Stick.
18:38 of 2nd period - Sean Couturier wins face-off versus Derek Roy in Canucks zone.
19:31 of 2nd period - Wrist shot by Luke Schenn.
19:31 of 2nd period - Stopped by Philipp Grubauer with a rebound.
19:33 of 2nd period - Slapshot by Dmitry Kulikov.
19:33 of 2nd period - Stopped by Philipp Grubauer with a rebound.
19:47 of 2nd period - Wrist shot by Steve Quailer.
19:47 of 2nd period - Stopped by Philipp Grubauer with a rebound.
19:49 of 2nd period - Slapshot by Luke Schenn.
19:49 of 2nd period - Stopped by Philipp Grubauer without a rebound.
19:50 of 2nd period - Patrice Bergeron wins face-off versus Derek Roy in Canucks zone.
19:57 of 2nd period - Snap shot by Chris Bourque.
19:57 of 2nd period - Stopped by Philipp Grubauer without a rebound.
19:58 of 2nd period - Patrice Bergeron wins face-off versus Derek Roy in Canucks zone.
Goals for this period are 2 for Canucks vs 2 for Rangers.
Shots for this period are 9 for Canucks vs 17 for Rangers.

3rd period


0:01 of 3rd period - Steve Quailer wins face-off versus Derek Roy in neutral zone.
0:30 of 3rd period - Snap shot by Ryan Strome.
0:30 of 3rd period - Shot Misses the Net.
0:32 of 3rd period - Slapshot by Patrik Nemeth.
0:32 of 3rd period - Stopped by Philipp Grubauer with a rebound.
0:34 of 3rd period - Wrist shot by Patrice Bergeron.
0:34 of 3rd period - Goal by Patrice Bergeron - Canucks : 4 - Rangers : 3.
0:35 of 3rd period - Sean Couturier wins face-off versus Derek Roy in neutral zone.
0:38 of 3rd period - Ben Smith is hit by Luke Schenn and loses puck.
1:01 of 3rd period - Jeff Schultz is hit by Ryan Strome.
1:26 of 3rd period - Maxim Talbot is hit by Matt Delahey and loses puck.
1:46 of 3rd period - Slapshot by Luke Schenn.
1:46 of 3rd period - Stopped by Philipp Grubauer with a rebound.
2:03 of 3rd period - Yann Sauvé is hit by Luke Schenn.
2:45 of 3rd period - Jeff Schultz is hit by Devante Smith-Pelly and loses puck.
3:10 of 3rd period - Derek Roy is hit by Richard Panik and loses puck.
3:23 of 3rd period - Sean Couturier is hit by Michael Kostka and loses puck.
3:48 of 3rd period - Minor Penalty to Robert Nilsson for Roughing.
3:49 of 3rd period - Derek Roy wins face-off versus Sean Couturier in Canucks zone.
4:55 of 3rd period - Jonas Brodin is hit by Shea Weber and loses puck.
5:48 of 3rd period - Penalty to Robert Nilsson is over, Robert Nilsson is back on ice.
6:46 of 3rd period - Jonas Brodin is hit by Sam Gagner and loses puck.
7:09 of 3rd period - Chris Bourque is hit by Alex Goligoski and loses puck.
7:16 of 3rd period - Snap shot by Gustav Nyquist.
7:16 of 3rd period - Stopped by Harru Sateri without a rebound.
7:17 of 3rd period - Tomas Hertl wins face-off versus Robert Nilsson in Rangers zone.
7:31 of 3rd period - Slapshot by Yann Sauvé.
7:31 of 3rd period - Shot Blocked by Dmitry Kulikov.
7:42 of 3rd period - Icing by Yann Sauvé.
7:43 of 3rd period - Maxim Talbot wins face-off versus Sean Couturier in Canucks zone.
7:48 of 3rd period - Snap shot by Maxim Talbot.
7:48 of 3rd period - Stopped by Harru Sateri without a rebound.
7:49 of 3rd period - Fabian Brunnstrom wins face-off versus Steve Quailer in Rangers zone.
7:50 of 3rd period - Snap shot by Maxim Talbot.
7:50 of 3rd period - Stopped by Harru Sateri without a rebound.
7:51 of 3rd period - Sean Couturier wins face-off versus Derek Roy in Rangers zone.
8:13 of 3rd period - Icing by Patrik Nemeth.
8:14 of 3rd period - Sean Couturier wins face-off versus Robert Nilsson in Rangers zone.
8:19 of 3rd period - Sean Couturier is hit by Shea Weber and loses puck.
8:24 of 3rd period - Snap shot by Robert Nilsson.
8:24 of 3rd period - Stopped by Harru Sateri without a rebound.
8:25 of 3rd period - Patrice Bergeron wins face-off versus Derek Roy in Rangers zone.
8:25 of 3rd period - Luke Schenn is hit by Derek Roy and loses puck.
8:36 of 3rd period - Snap shot by Patrice Bergeron.
8:36 of 3rd period - Stopped by Philipp Grubauer with a rebound.
8:38 of 3rd period - Slapshot by Dmitry Kulikov.
8:38 of 3rd period - Shot Blocked by Alex Goligoski.
8:40 of 3rd period - Wrist shot by Chris Bourque.
8:40 of 3rd period - Stopped by Philipp Grubauer with a rebound.
8:42 of 3rd period - Wrist shot by Dmitry Kulikov.
8:42 of 3rd period - Deflect By Derek Roy.
8:42 of 3rd period - Goal by Dmitry Kulikov - Canucks : 4 - Rangers : 4.
8:43 of 3rd period - Derek Roy wins face-off versus Sean Couturier in neutral zone.
8:45 of 3rd period - Minor Penalty to Sam Gagner for Holding.
8:46 of 3rd period - Derek Roy wins face-off versus Sean Couturier in Canucks zone.
8:56 of 3rd period - Snap shot by Steve Quailer.
8:56 of 3rd period - Shot Blocked by Alex Goligoski.
8:58 of 3rd period - Wrist shot by Steve Quailer.
8:58 of 3rd period - Goal by Steve Quailer - Canucks : 4 - Rangers : 5.
8:59 of 3rd period - Derek Roy wins face-off versus Sean Couturier in neutral zone.
9:38 of 3rd period - Wrist shot by Chris Bourque.
9:38 of 3rd period - Shot Blocked by Michael Kostka.
9:40 of 3rd period - Wrist shot by Ryan Strome.
9:40 of 3rd period - Stopped by Philipp Grubauer with a rebound.
10:10 of 3rd period - Icing by Jonas Brodin.
10:11 of 3rd period - Oskar Steen wins face-off versus Artem Anisimov in Rangers zone.
10:11 of 3rd period - Alex Goligoski is hit by Brett Ponich and loses puck.
10:20 of 3rd period - Snap shot by Alex Goligoski.
10:20 of 3rd period - Deflect By Anton Zlobin.
10:20 of 3rd period - Shot Blocked by Brett Ponich.
10:20 of 3rd period - Puck is out of play.
10:21 of 3rd period - Derek Roy wins face-off versus Sean Couturier in Rangers zone.
10:30 of 3rd period - Wrist shot by Steve Quailer.
10:30 of 3rd period - Shot Misses the Net.
10:32 of 3rd period - Slapshot by Dmitry Kulikov.
10:32 of 3rd period - Deflect By Alex Goligoski.
10:32 of 3rd period - Stopped by Philipp Grubauer without a rebound.
10:33 of 3rd period - Derek Roy wins face-off versus Sean Couturier in Canucks zone.
10:35 of 3rd period - Minor Penalty to Alex Goligoski for High sticking.
10:36 of 3rd period - Derek Roy wins face-off versus Sean Couturier in Canucks zone.
10:36 of 3rd period - Derek Roy is hit by Dmitry Kulikov.
10:47 of 3rd period - Derek Roy is hit by Sean Couturier and loses puck.
11:12 of 3rd period - Wrist shot by Ryan Strome.
11:12 of 3rd period - Stopped by Philipp Grubauer without a rebound.
11:13 of 3rd period - Sean Couturier wins face-off versus Ben Smith in Canucks zone.
12:35 of 3rd period - Penalty to Alex Goligoski is over, Alex Goligoski is back on ice.
12:42 of 3rd period - Snap shot by Ben Smith.
12:42 of 3rd period - Stopped by Harru Sateri without a rebound.
12:43 of 3rd period - Maxim Talbot wins face-off versus Tomas Hertl in Rangers zone.
12:44 of 3rd period - Slapshot by Fabian Brunnstrom.
12:44 of 3rd period - Shot Misses the Net.
12:48 of 3rd period - Wrist shot by Jason Akeson.
12:48 of 3rd period - Shot Misses the Net.
12:50 of 3rd period - Snap shot by Jason Akeson.
12:50 of 3rd period - Stopped by Harru Sateri without a rebound.
12:51 of 3rd period - Maxim Talbot wins face-off versus Patrice Bergeron in Rangers zone.
13:01 of 3rd period - Off-side.
13:02 of 3rd period - Sean Couturier wins face-off versus Derek Roy in neutral zone.
14:09 of 3rd period - Off-side.
14:10 of 3rd period - Oskar Steen wins face-off versus Steve Quailer in neutral zone.
14:18 of 3rd period - Minor Penalty to Oskar Steen for Interference.
14:19 of 3rd period - Milan Lucic wins face-off versus Derek Roy in Canucks zone.
16:11 of 3rd period - Ryan Strome is hit by Fabian Brunnstrom.
16:18 of 3rd period - Penalty to Oskar Steen is over, Oskar Steen is back on ice.
16:19 of 3rd period - Maxim Talbot is hit by Patrice Bergeron and loses puck.
16:30 of 3rd period - T.J Galiardi is hit by Robert Nilsson.
17:02 of 3rd period - Wrist shot by Brandon Gormley.
17:02 of 3rd period - Deflect By Oskar Steen.
17:02 of 3rd period - Goal by Oskar Steen - Canucks : 5 - Rangers : 5.
17:03 of 3rd period - Tomas Hertl wins face-off versus Maxim Talbot in neutral zone.
17:14 of 3rd period - Snap shot by Devante Smith-Pelly.
17:14 of 3rd period - Shot Misses the Net.
17:27 of 3rd period - Icing by Alex Goligoski.
17:28 of 3rd period - Sean Couturier wins face-off versus Derek Roy in Canucks zone.
17:43 of 3rd period - Snap shot by Milan Lucic.
17:43 of 3rd period - Stopped by Philipp Grubauer with a rebound.
17:55 of 3rd period - Slapshot by Alex Goligoski.
17:55 of 3rd period - Stopped by Harru Sateri with a rebound.
18:01 of 3rd period - Snap shot by Tomas Hertl.
18:01 of 3rd period - Shot Blocked by Jason Akeson.
18:03 of 3rd period - Slapshot by Jonas Brodin.
18:03 of 3rd period - Stopped by Philipp Grubauer without a rebound.
18:04 of 3rd period - Sean Couturier wins face-off versus Maxim Talbot in Canucks zone.
18:19 of 3rd period - Sean Couturier is hit by Jason Akeson and loses puck.
18:30 of 3rd period - Derek Roy is hit by T.J Galiardi and loses puck.
Goals for this period are 1 for Canucks vs 3 for Rangers.
Shots for this period are 8 for Canucks vs 12 for Rangers.

Overtime #1


0:01 of 1st overtime period - Derek Roy wins face-off versus Milan Lucic in neutral zone.
0:12 of 1st overtime period - Icing by Milan Lucic.
0:13 of 1st overtime period - Milan Lucic wins face-off versus Derek Roy in Rangers zone.
0:49 of 1st overtime period - Wrist shot by Milan Lucic.
0:49 of 1st overtime period - Shot Misses the Net.
0:51 of 1st overtime period - Snap shot by Luke Schenn.
0:51 of 1st overtime period - Stopped by Philipp Grubauer without a rebound.
0:52 of 1st overtime period - Milan Lucic wins face-off versus Derek Roy in Canucks zone.
1:47 of 1st overtime period - Dmitry Kulikov is hit by Robert Nilsson and loses puck.
2:05 of 1st overtime period - Icing by Michael Kostka.
2:06 of 1st overtime period - Fabian Brunnstrom wins face-off versus Devante Smith-Pelly in Canucks zone.
3:32 of 1st overtime period - Patrik Nemeth is hit by Ben Smith and loses puck.
Goals for this period are 0 for Canucks vs 0 for Rangers.
Shots for this period are 0 for Canucks vs 1 for Rangers.

ShootOut


5:00 of 1st overtime period - Round #1.
5:00 of 1st overtime period - Canucks, Derek Roy.
5:00 of 1st overtime period - Deke by Derek Roy.
5:00 of 1st overtime period - Stopped by Harru Sateri.
5:00 of 1st overtime period - Rangers, Milan Lucic.
5:00 of 1st overtime period - Snap shot by Milan Lucic.
5:00 of 1st overtime period - Stopped by Philipp Grubauer.
5:00 of 1st overtime period - Round #2.
5:00 of 1st overtime period - Canucks, Robert Nilsson.
5:00 of 1st overtime period - Snap shot by Robert Nilsson.
5:00 of 1st overtime period - Goal by Robert Nilsson.
5:00 of 1st overtime period - Rangers, Sean Couturier.
5:00 of 1st overtime period - Snap shot by Sean Couturier.
5:00 of 1st overtime period - Goal by Sean Couturier.
5:00 of 1st overtime period - Round #3.
5:00 of 1st overtime period - Canucks, Ben Smith.
5:00 of 1st overtime period - Deke by Ben Smith.
5:00 of 1st overtime period - Goal by Ben Smith.
5:00 of 1st overtime period - Rangers, Patrice Bergeron.
5:00 of 1st overtime period - Deke by Patrice Bergeron.
5:00 of 1st overtime period - Goal by Patrice Bergeron.
5:00 of 1st overtime period - Round #4.
5:00 of 1st overtime period - Canucks, Sam Gagner.
5:00 of 1st overtime period - Deke by Sam Gagner.
5:00 of 1st overtime period - Shot Misses the Net.
5:00 of 1st overtime period - Rangers, Tomas Hertl.
5:00 of 1st overtime period - Wrist shot by Tomas Hertl.
5:00 of 1st overtime period - Goal by Tomas Hertl.